 Dungeon Crawl Stone Soup version 0.17.0-8-gb983d21 (webtiles) character file.

4371 JudasIscariot the Basher (level 10, -1/100 HPs)
             Began as a Troll Berserker on Nov 8, 2015.
             Was a High Priest of Trog.
             Slain by a troll (4 damage)
             ... on level 9 of the Dungeon.
             The game lasted 00:31:00 (7439 turns).

JudasIscariot the Basher (Troll Berserker)          Turns: 7439, Time: 00:31:00

Health: -1/100     AC:  6    Str: 27    XL:     10   Next: 13%
Magic:  9/9        EV: 18    Int:  3    God:    Trog [*****.]
Gold:   426        SH:  0    Dex: 10    Spells: 0 memorised, 9 levels left

rFire  + . .     SeeInvis .     d - +12 great mace "Qumie" {elec, +Rage rF+ Str-2 Stlth+}
rCold  . . .     Clarity  .     j - +0 robe {MR+}
rNeg   . . .     SustAt   .     (shield currently unavailable)
rPois  +         Gourm    +     m - +0 hat
rElec  .         Spirit   .     y - +0 cloak
rCorr  .         Warding  .     (gloves unavailable)
rMut   .         Stasis   .     (boots unavailable)
MR     +++..                    N - amulet of regeneration
Stlth  ++........               t - ring of poison resistance
                                k - +5 ring of evasion

@: lethally poisoned (-1 -> -1), regenerating, extremely resistant to hostile
enchantments, unstealthy
A: unfitting armour, claws 3, fast metabolism 3, gourmand, regeneration 2,
shaggy fur 1, tough skin 2
a: Berserk, Trog's Hand, Brothers in Arms, Burn Spellbooks, Renounce Religion,
Evoke Berserk Rage


You were on level 9 of the Dungeon.
You worshipped Trog.
Trog was extremely pleased with you.
You were not hungry.

You visited 1 branch of the dungeon, and saw 9 of its levels.
You also visited: Ossuary.

You collected 426 gold pieces.

Inventory:

Hand Weapons
 a - a +0 mace
 d - the +12 great mace "Qumie" (weapon) {elec, +Rage rF+ Str-2 Stlth+}
   (Trog gifted it to you on level 6 of the Dungeon)

   Occasionally, upon striking a foe, it will discharge some electrical energy
   and cause terrible harm.
   It affects your strength (-2).
   It protects you from fire.
   It lets you go berserk.
   It makes you more stealthy.
 e - a +0 giant club
 u - the +4 long sword of the Tundras {freeze, Str+4}
   (You found it on level 7 of the Dungeon)

   It has been specially enchanted to freeze those struck by it, causing extra
   injury to most foes and up to half again as much damage against particularly
   susceptible opponents.
   It can also slow down cold-blooded creatures.
   It affects your strength (+4).
 z - a +0 flail
 A - a -1 flail
 I - a +1 flail of holy wrath
 J - a +2 giant spiked club
 L - a +0 dire flail
Armour
 b - a +0 animal skin
 j - a +0 robe of magic resistance (worn)
 m - a +0 hat (worn)
 w - a +0 robe
 y - a +0 cloak (worn)
Jewellery
 g - an uncursed ring of protection from cold
 k - a +5 ring of evasion (left claw)
 t - a ring of poison resistance (right claw)
 N - an amulet of regeneration (around neck)
Wands
 o - a wand of digging (10)
 M - a wand of frost (14)
 O - a wand of cold (6)
Scrolls
 p - 2 scrolls of identify
 q - a scroll of fog
 r - 8 scrolls of remove curse
 B - 2 scrolls of amnesia {unknown}
 C - 2 scrolls of recharging {unknown}
 F - 3 scrolls of magic mapping {unknown}
 K - 2 scrolls of teleportation
Potions
 h - 3 potions of resistance
 l - a potion of lignification
 n - 4 potions of curing
 v - a potion of haste {unknown}
 x - a potion of beneficial mutation {unknown}
 D - 4 potions of brilliance {unknown}
 E - a potion of heal wounds {unknown}
 G - a potion of ambrosia {unknown}
 H - a potion of cancellation {unknown}
 P - a potion of degeneration {unknown}
Comestibles
 c - 10 bread rations
 f - 7 slices of pizza
 i - 13 fruits
 s - 6 meat rations
 Q - a beef jerky


   Skills:
 * Level 6.3 Fighting
 * Level 8.6 Maces & Flails
 * Level 8.3 Dodging
 - Level 1.0 Stealth


You had 9 spell levels left.
You didn't know any spells.

Dungeon Overview and Level Annotations

Branches:
Dungeon (9/15)             Temple (0/1) D:5
   Lair: D:8-11         Orc: D:9-12

Altars:
Cheibriados
Gozag
Nemelex Xobeh
Okawaru
Qazlal
Trog
Xom
Yredelemnul
Zin
The Shining One


Innate Abilities, Weirdness & Mutations

You are too large for most types of armour.
You have claws for hands.
Your metabolism is lightning-fast.
You like to eat raw meat.
You heal very quickly.
You are covered in fur (AC +1).
You have very tough skin (AC +2).


Message History

As you read the scroll of fog, it crumbles to dust.
The scroll dissolves into smoke.
The killer bee closely misses you. The killer bee misses you.
The killer bee closely misses you. The killer bee stings you.
* * * LOW HITPOINT WARNING * * *
You are poisoned.
The killer bee poisons you! The troll misses you. The troll claws you.
* * * LOW HITPOINT WARNING * * *
The troll closely misses you.
You feel sick. The killer bee closely misses you.
The killer bee barely misses you.
Your skin crawls.
You feel resistant to hostile enchantments.
You feel slightly more hungry. The killer bee misses you.
The killer bee completely misses you. The killer bee misses you.
The killer bee closely misses you. The troll closely misses you.
The troll claws you.
* * * LOW HITPOINT WARNING * * *
The troll claws you.
You die...

##.......## #.........#
#......##.##
#...........
#......##.## ###.......#
##########...###.#.#
##...§T§.....## #.>.##
#.y..§y@§§...# #....#
...#.(§yy§§...# #....# #
#..y§§§§##+# ##.#<.#..
#.........#≈≈≈##..#....#
#.#.......+≈≈≈'.(##.#.##
# #.......#≈≈≈#.......#
####.#####+###..##...
#.# #.##...# ....
#.....## .[..


You could see a troll and 4 killer bees.

Vanquished Creatures
  The ghost of twist the Conjurer, a novice DgCj (D:7)
  Sigmund (D:3)
  A hungry ghost (D:8)
  Edmund (D:6)
  2 phantoms
  An orc warrior (D:7)
  2 ice beasts
  A crocodile (D:9)
  7 ogres
  2 centaurs
  6 giant frogs
  4 water moccasin zombies (Ossuary)
  3 killer bees (D:8)
  A giant frog zombie (D:7)
  2 crimson imps
  A jelly (D:9)
  9 orc wizards
  8 orc priests
  5 hounds
  2 giant frog skeletons
  An iguana (D:5)
  7 worker ants
  3 big kobold zombies (Ossuary)
  A killer bee zombie (D:9)
  A hound skeleton (D:4)
  3 mummies
  13 gnolls
  9 adders
  A shadow imp (D:6)
  2 oozes
  5 adder zombies (Ossuary)
  4 worms
  40 orcs
  10 bats
  17 hobgoblins
  10 jackals
  14 kobolds
  6 quokkas
  A ball python (D:4)
  3 giant cockroaches
  2 giant cockroach zombies
  5 giant geckos
  5 giant newts
  3 gnoll zombies (Ossuary)
  18 goblins
  3 hobgoblin zombies (Ossuary)
  4 kobold zombies (Ossuary)
  6 orc zombies (Ossuary)
  10 rats
267 creatures vanquished.

Vanquished Creatures (others)
  5 sheep (D:6)
  A rat (D:1)
6 creatures vanquished.

Grand Total: 273 creatures vanquished

Notes
Turn   | Place    | Note
--------------------------------------------------------------
     0 | D:1      | JudasIscariot the Troll Berserker began the quest for the Orb.
     0 | D:1      | Reached XP level 1. HP: 22/22 MP: 0/0
   207 | D:1      | Reached XP level 2. HP: 29/29 MP: 1/1
   322 | D:1      | Reached skill level 3 in Maces & Flails
   328 | D:1      | Found a sparkling altar of Nemelex Xobeh.
   689 | D:2      | Found a bloodstained altar of Trog.
   794 | D:2      | Reached ** piety under Trog
   797 | D:2      | Reached XP level 3. HP: 36/36 MP: 2/2
  1080 | D:2      | Found an iron altar of Okawaru.
  1229 | D:2      | Reached XP level 4. HP: 44/44 MP: 3/3
  1738 | D:3      | Noticed Sigmund
  1749 | D:3      | Killed Sigmund
  1749 | D:3      | Reached skill level 4 in Dodging
  1749 | D:3      | Reached XP level 5. HP: 53/53 MP: 4/4
  1868 | D:3      | Reached *** piety under Trog
  1876 | D:3      | Reached XP level 6. HP: 52/61 MP: 5/5
  2111 | D:3      | Found a glowing silver altar of Zin.
  2112 | D:3      | Found an opulent altar of Gozag.
  2485 | D:3      | Noticed an ogre
  2490 | D:3      | Killed an ogre
  2677 | D:3      | Reached skill level 5 in Dodging
  2733 | D:3      | Reached XP level 7. HP: 67/67 MP: 6/6
  2859 | D:4      | Reached **** piety under Trog
  2975 | D:4      | Found a sand-covered staircase.
  2983 | Ossuary  | Entered an ossuary
  3069 | Ossuary  | Reached skill level 5 in Maces & Flails
  3285 | D:4      | Reached XP level 8. HP: 39/78 MP: 7/7
  3682 | D:4      | Reached skill level 6 in Maces & Flails
  3979 | D:4      | Reached ***** piety under Trog
  4297 | D:5      | Entered Level 5 of the Dungeon
  4380 | D:5      | Reached skill level 5 in Fighting
  4643 | D:5      | Found a basalt altar of Yredelemnul.
  4657 | D:5      | Found a staircase to the Ecumenical Temple.
  4740 | D:5      | Found a stormy altar of Qazlal.
  5033 | D:6      | Noticed Edmund
  5044 | D:6      | Killed Edmund
  5044 | D:6      | Reached skill level 7 in Maces & Flails
  5044 | D:6      | Reached XP level 9. HP: 85/88 MP: 8/8
  5184 | D:6      | Received a gift from Trog
  5196 | D:6      | Got a faintly glowing great mace {god gift}
  5202 | D:6      | Identified the +12 great mace "Qumie" {elec, +Rage rF+ Str-2 Stlth+} (Trog gifted it to you on level 6 of the Dungeon)
  5372 | D:6      | Found a shimmering altar of Xom.
  5715 | D:6      | Found a snail-covered altar of Cheibriados.
  5845 | D:7      | Got an ancient long sword
  5867 | D:7      | Noticed twist's ghost (novice DgCj)
  5875 | D:7      | Killed twist's ghost
  6092 | D:7      | Reached skill level 8 in Maces & Flails
  6099 | D:7      | Found a glowing golden altar of the Shining One.
  6717 | D:8      | Identified the +4 long sword of the Tundras {freeze, Str+4} (You found it on level 7 of the Dungeon)
  6739 | D:8      | Reached skill level 1 in Stealth
  6827 | D:8      | Reached XP level 10. HP: 61/98 MP: 9/9
  7439 | D:9      | HP: 3/100 [troll (5)]
  7439 | D:9      | Slain by a troll

Action                   |  1- 3 |  4- 6 |  7- 9 | 10-12 || total
-------------------------+-------+-------+-------+-------++-------
Melee: Mace              |   114 |   117 |       |       ||   231
       Flail             |       |    64 |       |       ||    64
       Giant club        |       |    29 |   192 |       ||   221
       Giant spiked club |       |       |   163 |       ||   163
       Great mace        |       |       |    86 |    25 ||   111
Invok: Trog's Hand       |       |     2 |     1 |     1 ||     4
       Berserk           |       |     2 |       |       ||     2
Evoke: Wand              |       |       |     1 |       ||     1
  Use: Scroll            |       |     5 |     9 |     1 ||    15
 Stab: Sleeping          |       |       |     3 |     2 ||     5
  Eat: Chunk             |    17 |    17 |    40 |     6 ||    80
